AoeStats
← Pepe_MR7

Arabia

510020069Analyzed
1v1 RM · 2d ago on Sep 29, 2026· 39m 34s· 2 players
Game mode
Random Map
Map size
Tiny (2 player)
Population
200
Speed
Normal
Resources
Standard
Victory
Conquest
Starting age
Dark Age
Ending age
Imperial Age
RankedLock teamsTeams togetherTeam positionsShared explorationLock speedFull tech treeHidden civsTurbo modeCheats
Victory
Defeat
🇲🇽 Franks · Mexico
883
+16
🇺🇸 Spanish · United States
887
-16
Pepe_MR7
8:09 Loom
10:07 Feudal Age
8:28 Loom
17:45 Wheelbarrow
18:52 Double-Bit Axe
21:20 Castle Age
22:43 Double-Bit Axe
23:54 Forging
23:51 Scale Barding Armor
24:46 Wheelbarrow
23:56 Town Watch
25:08 Bow Saw
27:43 Hand Cart
28:54 Iron Casting
29:42 Town Patrol
31:34 Fletching
31:44 Padded Archer Armor
34:45 Imperial Age
32:16 Elite Skirmisher
32:54 Bodkin Arrow
33:14 Leather Archer Armor
38:14 Blast Furnace
camelmusic1
7:17 Loom
9:29 Feudal Age
9:54 Double-Bit Axe
16:44 Town Watch
21:28 Castle Age
22:25 Pikeman
24:17 Forging
24:31 Bow Saw
27:19 Iron Casting
27:10 Squires
27:48 Scale Mail Armor
28:42 Town Patrol
29:22 Wheelbarrow
30:10 Bloodlines
30:48 Gold Mining
32:48 Hand Cart
36:24 Imperial Age
35:16 Husbandry
37:27 Padded Archer Armor
37:46 Chain Mail Armor
Connection lost

Rejoining the realm…

Still unreachable

The connection could not be restored.

Session expired

The server has moved on; the page needs a fresh start.